 Dungeon Crawl Stone Soup version 0.18-a0-738-g888b110 (webtiles) character file.

456 Mindmaker the Ducker (level 6, -1/47 HPs)
             Began as a Mummy Fighter on Dec 11, 2015.
             Was an Initiate of Gozag.
             Slain by an orc wizard
             ... wielding a +0 dagger
              (3 damage)
             ... on level 4 of the Dungeon.
             The game lasted 00:23:28 (7170 turns).

Mindmaker the Ducker (Mummy Fighter)                Turns: 7170, Time: 00:23:28

Health: -1/47      AC:  9    Str: 20    XL:     6   Next: 77%
Magic:  6/6        EV: 11    Int:  7    God:    Gozag
Gold:   293        SH:  4    Dex: 13    Spells: 0 memorised, 5 levels left

rFire  x . .     SeeInvis .     a - +0 flail
rCold  + . .     Clarity  .     b - +1 scale mail
rNeg   + + +     SustAt   .     q - +0 buckler
rPois  ∞         Gourm    .     (no helmet)
rElec  .         Spirit   .     d - +1 cloak
rCorr  .         Dismiss  .     (no gloves)
rMut   .         Stasis   .     (no boots)
MR     .....                    (no amulet)
Stlth  +.........               (no ring)
                                h - ring of stealth

@: not resistant to hostile enchantments, very unstealthy
A: no food or potions, fire vulnerability, cold resistance 1, negative energy
resistance 3, torment resistance, unbreathing
a: Potion Petition, Call Merchant, Bribe Branch, Renounce Religion


You were on level 4 of the Dungeon.
You worshipped Gozag.
Gozag was noncommittal.
You were not hungry.

You visited 2 branches of the dungeon, and saw 6 of its levels.

You collected 358 gold pieces.
You paid 65 gold pieces to Gozag.

Inventory:

Hand Weapons
 a - a +0 flail (weapon)
Missiles
 g - 2 tomahawks (quivered)
 p - 22 stones
Armour
 b - a +1 scale mail (worn)
 d - a +1 cloak (worn)
 q - a +0 buckler (worn)
Jewellery
 h - a ring of stealth (left hand)
Scrolls
 e - 2 scrolls of fear {unknown}
 f - 4 scrolls of enchant armour
 i - 2 scrolls of recharging {unknown}
 j - a scroll of random uselessness {unknown}
 l - a scroll of fog
 m - a scroll of magic mapping
 n - a scroll of enchant weapon
 o - 2 scrolls of teleportation


   Skills:
 - Level 3.0 Fighting
 - Level 3.1 Maces & Flails
 - Level 3.0 Armour
 - Level 4.1 Dodging
 + Level 3.3 Shields


You had 5 spell levels left.
You didn't know any spells.

Dungeon Overview and Level Annotations

Branches:
Dungeon (5/15)             Temple (1/1) D:4

Altars:
Ashenzari
Cheibriados
Dithmenos
Elyvilon
Fedhas
Gozag
Kikubaaqudgha
Makhleb
Nemelex Xobeh
Okawaru
Pakellas
Qazlal
Ru
Trog
Vehumet
Xom
Yredelemnul
Zin

Annotations:
D:3 OmG's ghost, amateur DsCj


Innate Abilities, Weirdness & Mutations

You do not eat or drink.
Your flesh is vulnerable to fire.
You are immune to poison.
Your flesh is cold resistant.
You are immune to negative energy.
You are immune to unholy pain and torment.
You can survive without breathing.


Message History

Okay, then.
You barely miss something. Something hits you.
* * * LOW HITPOINT WARNING * * *
You hit something. Something hits you.
* * * LOW HITPOINT WARNING * * *
You closely miss something. Something hits you but does no damage.
You closely miss something. Something hits you but does no damage.
Something hits you but does no damage.
You closely miss something. Something hits you but does no damage.
You barely miss something. Something hits you but does no damage.
You closely miss something. Something hits you but does no damage.
You barely miss something. Something hits you.
* * * LOW HITPOINT WARNING * * *
Something hits you but does no damage.
You miss something. Something hits you but does no damage.
You hit something but do no damage. You block its attack.
You closely miss something. Something hits you but does no damage.
You miss something. Something hits you but does no damage. Something hits you.
You die...
Your body crumbles into a pile of gold.

#............###'#
##########...##..'
##..######...##..#
#................#
#.................
#.................
#.................
#{[..........##..#
#@[#..##.##..#####
###############...
#....)..#
#...##..#
####..#####
#....###..#
##........#
#........'
##########


There were no monsters in sight!

Vanquished Creatures
  An ogre (D:5)
  A scorpion (D:5)
  A centaur zombie (D:5)
  2 hounds
  A worker ant (D:4)
  6 adders
  4 gnolls (D:4)
  An ooze (D:4)
  4 worms
  9 orcs
  9 bats
  5 giant cockroaches
  5 goblins
  5 hobgoblins
  7 jackals
  3 quokkas (D:4)
  3 ball pythons
  6 giant geckos
  4 giant newts
  6 kobolds
  10 rats
93 creatures vanquished.

Notes
Turn   | Place    | Note
--------------------------------------------------------------
     0 | D:1      | Mindmaker the Mummy Fighter began the quest for the Orb.
     0 | D:1      | Reached XP level 1. HP: 18/18 MP: 1/1
   609 | D:1      | Reached XP level 2. HP: 18/24 MP: 2/2
  1823 | D:2      | Found a snail-covered altar of Cheibriados.
  1853 | D:2      | Reached XP level 3. HP: 29/29 MP: 3/3
  2870 | D:3      | Found an ancient bone altar of Kikubaaqudgha.
  2954 | D:3      | Noticed OmG's ghost (amateur DsCj)
  3089 | D:3      | Found a sparkling altar of Nemelex Xobeh.
  3140 | D:2      | Reached XP level 4. HP: 14/35 MP: 4/4
  3611 | D:3      | Found a shadowy altar of Dithmenos.
  4174 | D:4      | Found an iron altar of Okawaru.
  4517 | D:4      | Noticed an ogre
  4784 | D:4      | Reached XP level 5. HP: 38/41 MP: 5/5
  5058 | D:4      | Reached skill level 1 in Dodging
  5375 | D:4      | Found a white marble altar of Elyvilon.
  5753 | D:4      | Found a staircase to the Ecumenical Temple.
  5759 | Temple   | Entered the Ecumenical Temple
  5855 | Temple   | Became a worshipper of Gozag Ym Sagoz the Greedy
  5951 | D:5      | Entered Level 5 of the Dungeon
  6055 | D:5      | Noticed an ogre
  6068 | D:5      | Killed an ogre
  6068 | D:5      | Reached XP level 6. HP: 32/47 MP: 6/6
  6384 | D:5      | Reached skill level 4 in Dodging
  7166 | D:4      | HP: 1/47 [something (4)]
  7170 | D:4      | Slain by an orc wizard

Vault maps used:
D:1:      mrwooster_arrival_arrow
D:2:      lemuel_coloured_pillars_altar
D:3:      kiku_gazebo_pond_becter, nemelex_xobeh_ov_fountains_minmay,
          grunt_dithmenos_smoke_and_mirrors, bh_walls_and_bars
D:4:      kennysheep_mini_moat, kennysheep_little_box,
          minmay_temple_entry_fiery, first_bread
D:5:      minmay_misc_feat_alley
Temple:   circular_temple_12

Action                   |  1- 3 |  4- 6 || total
-------------------------+-------+-------++-------
Melee: Flail             |   199 |   245 ||   444
Throw: Tomahawk          |     4 |    32 ||    36
Invok: Potion Petition   |       |     1 ||     1
  Use: Scroll            |       |     5 ||     5
